 Dungeon Crawl Stone Soup version 0.22-a0-246-gdc04c06 (webtiles) character file.

14344 b5mith the Fighter (level 11, -4/104 HPs)
             Began as a Minotaur Berserker on Feb 22, 2018.
             Was a High Priest of Trog.
             Asphyxiated
             ... on level 12 of the Dungeon.
             The game lasted 00:31:52 (9572 turns).

b5mith the Fighter (Minotaur Berserker)             Turns: 9572, Time: 00:31:55

Health: -4/104     AC: 20    Str: 28    XL:     11   Next: 87%
Magic:  0/10       EV: 14    Int:  4    God:    Trog [*****.]
Gold:   382        SH:  0    Dex: 12    Spells: 10/10 levels left

rFire    + . .     SeeInvis +   M - +1 great mace (protect)
rCold    . . .     Gourm    .   (shield currently unavailable)
rNeg     + . .     Faith    .   H - +5 chain mail of Conscience {*Slow rN+ SInv}
rPois    .         Spirit   +   (helmet restricted)
rElec    .         Reflect  .   (no cloak)
rCorr    .         Harm     .   G - +0 pair of gloves
MR       +....                  d - +0 pair of boots
Stlth    ..........             L - amulet of guardian spirit
HPRegen  0.27/turn              x - ring of protection from magic
MPRegen  0.12/turn              K - ring of protection from fire

@: mighty, lethally poisoned (-4 -> -10), about to teleport
A: retaliatory headbutt, horns 2
a: Berserk, Trog's Hand, Brothers in Arms, Renounce Religion


You were on level 12 of the Dungeon.
You worshipped Trog.
Trog was extremely pleased with you.
You were hungry.

You visited 1 branch of the dungeon, and saw 12 of its levels.

You collected 382 gold pieces.

Inventory:

Hand Weapons
 a - a +0 mace
 g - a +6 morningstar
 r - a +2 mace of crushing
 u - a +0 flail of crushing
 z - a +5 flail of crushing
 J - a +1 flail of protection
 M - a +1 great mace of protection (weapon)
Missiles
 h - 341 stones (quivered)
 I - 2 exploding tomahawks
Armour
 b - a +0 animal skin
 d - a +0 pair of boots (worn)
 p - a +0 ring mail
 G - a +0 pair of gloves (worn)
 H - the +5 chain mail of Conscience (worn) {*Slow rN+ SInv}
   (You found it on level 7 of the Dungeon)

   It protects you from negative energy.
   It lets you see invisible.
   It may slow you when you take damage.
 O - a +0 troll leather armour
Jewellery
 x - a ring of protection from magic (left hand)
 E - a +4 amulet of reflection
 K - a ring of protection from fire (right hand)
 L - an amulet of guardian spirit (around neck)
Wands
 t - a wand of random effects (43)
 w - a wand of scattershot (11)
 y - a wand of clouds (6)
 N - a wand of polymorph (11)
 S - a wand of iceblast (4)
Scrolls
 j - 6 scrolls of remove curse {@r2}
 o - 2 scrolls of immolation
 q - 6 scrolls of teleportation
 s - 5 scrolls of amnesia
 A - a scroll of magic mapping
 B - a scroll of torment
 C - a scroll of silence
 F - a scroll of enchant weapon
 Q - 2 scrolls of identify {@r1}
Potions
 e - 3 potions of lignification
 i - a potion of degeneration
 k - 2 potions of haste
 l - a potion of invisibility
 m - a potion of cancellation
 n - 3 potions of agility
 v - a potion of flight
 D - 2 potions of brilliance
 P - a potion of mutation
 R - a potion of heal wounds
Comestibles
 c - 16 rations


   Skills:
 + Level 12.0 Fighting
 + Level 11.9 Maces & Flails
 + Level 11.6 Armour
 + Level 10.8 Dodging


You had 10 spell levels left.
You didn't know any spells.

Dungeon Overview and Level Annotations

Branches:
Dungeon (12/15)            Temple (0/1) D:6            Lair (0/6) D:9
    Orc (0/2) D:11

Altars:
Fedhas
Gozag
Kikubaaqudgha
Makhleb
Nemelex Xobeh
Okawaru
Qazlal
Sif Muna
Uskayaw
Vehumet
Wu Jian
Xom
Yredelemnul
Zin

Shops:
D:4 }

Annotations:
D:12 Sonja


Innate Abilities, Weirdness & Mutations

You reflexively headbutt those who attack you in melee.
You have a pair of horns on your head.


Message History

Snorg claws you but does no damage.
You beat Snorg like a drum!!!
Your weapon exudes an aura of protection.
You kill Snorg!
Trog accepts your kill.
The troll leather armour {Snorg} is intact enough to wear.
Your Fighting skill increases to level 12!
You feel yourself speed up.
Things that are here:
a +1 troll leather armour {Snorg}; the troll corpse of Snorg You start resting.
Sonja, the Graceful Assassin comes into view.
She is wielding a dagger of venom.
As you read the scroll of teleportation, it crumbles to dust.
You feel strangely unstable.
Sonja unwields an uncursed dagger of venom.
It stops dripping with poison.
Sonja wields an uncursed blowgun.
Sonja shoots a curare-tipped needle.
The curare-tipped needle hits you.
You are lethally poisoned!
You have difficulty breathing.
You die...

#...............#
#...............#
#..........######
#..........#
##}.......##
#..........# .
#..........# ...
#..........
.....###@........
.K.....[.........
...#.####........
##......# #.....
####.


You could see Sonja.

Vanquished Creatures
  Snorg (D:12)
  Josephine (D:11)
  A two-headed ogre (D:9)
  A death yak (D:9)
  A skeletal warrior (D:9)
  3 ugly things
  A cyclops (D:7)
  Joseph (D:9)
  A spiny frog (shapeshifter) (D:9)
  Psyche (D:9)
  A freezing wraith (D:9)
  2 trolls
  The ghost of smazza the Changer, an amateur MfTm (D:4)
  3 hippogriffs
  2 wyverns
  5 wraiths
  Grum (D:9)
  A basilisk (D:9)
  3 hungry ghosts
  Menkaure (D:4)
  Edmund (D:6)
  An ice beast (D:8)
  2 orc warriors (D:8)
  A sky beast (D:9)
  A black bear (D:9)
  A necrophage (D:7)
  An eye of draining (D:8)
  A phantom (D:9)
  4 wolves (D:9)
  6 ogres
  10 centaurs
  2 crocodiles
  2 big kobolds
  A gnoll sergeant (D:8)
  9 bullfrogs
  A scorpion (D:7)
  A wyvern skeleton (D:9)
  5 killer bees (D:10)
  4 wights (D:10)
  2 howler monkeys
  4 crimson imps
  2 bullfrog zombies
  A quasit (D:8)
  4 hounds
  5 orc wizards
  2 centaur skeletons
  3 jellies
  5 orc priests
  A bullfrog skeleton (D:7)
  8 worker ants
  A hound skeleton (D:5)
  6 gnolls
  11 adders
  2 shadow imps
  A worker ant simulacrum (D:9)
  2 oozes
  3 adder zombies
  2 adder skeletons (D:9)
  3 worms
  4 dart slugs
  7 leopard geckos
  35 orcs
  A giant cockroach (D:2)
  6 hobgoblins
  4 jackals (D:3)
  13 kobolds
  8 quokkas
  A ball python (D:3)
  4 bats
  3 frilled lizards
  A goblin (D:1)
  2 jackal skeletons
  A jackal zombie (D:8)
  8 rats
252 creatures vanquished.

Notes
Turn   | Place    | Note
-------+----------+-------------------------------------------
     0 | D:1      | b5mith the Minotaur Berserker began the quest for the Orb.
     0 | D:1      | Reached XP level 1. HP: 19/19 MP: 0/0
   322 | D:1      | Reached XP level 2. HP: 26/27 MP: 1/1
   912 | D:2      | Reached skill level 4 in Fighting
   912 | D:2      | Reached XP level 3. HP: 17/33 MP: 2/2
  1660 | D:2      | Reached XP level 4. HP: 40/40 MP: 3/3
  1787 | D:2      | Reached ** piety under Trog
  1873 | D:2      | Found a shimmering altar of Xom.
  2298 | D:3      | Found an ornate altar of the Wu Jian Council.
  2608 | D:4      | Reached XP level 5. HP: 47/47 MP: 4/4
  2674 | D:4      | Found a basalt altar of Yredelemnul.
  2699 | D:4      | Noticed smazza's ghost (amateur MfTm)
  2706 | D:4      | Killed smazza's ghost
  2706 | D:4      | Reached skill level 5 in Fighting
  2706 | D:4      | Reached skill level 5 in Maces & Flails
  2706 | D:4      | Reached XP level 6. HP: 56/56 MP: 5/5
  2875 | D:4      | Reached *** piety under Trog
  2901 | D:4      | Found a sparkling altar of Nemelex Xobeh.
  2960 | D:4      | Reached skill level 5 in Armour
  2960 | D:4      | Reached XP level 7. HP: 26/62 MP: 6/6
  3261 | D:4      | Found a stormy altar of Qazlal.
  3261 | D:4      | Found a blossoming altar of Fedhas.
  3261 | D:4      | Found an iron altar of Okawaru.
  3363 | D:4      | Found Aniczis's Gadget Boutique.
  3420 | D:4      | Noticed Menkaure
  3428 | D:4      | Killed Menkaure
  3428 | D:4      | Reached skill level 6 in Fighting
  3712 | D:5      | Entered Level 5 of the Dungeon
  3781 | D:5      | Reached skill level 5 in Dodging
  3904 | D:5      | Reached XP level 8. HP: 53/71 MP: 7/7
  4372 | D:6      | Noticed Edmund
  4384 | D:6      | Killed Edmund
  4384 | D:6      | Reached skill level 7 in Fighting
  4530 | D:6      | Found a hide-covered altar of Uskayaw.
  4607 | D:6      | Found a staircase to the Ecumenical Temple.
  4879 | D:6      | Found a radiant altar of Vehumet.
  4882 | D:6      | Found an ancient bone altar of Kikubaaqudgha.
  4882 | D:6      | Found a deep blue altar of Sif Muna.
  5241 | D:7      | Found a burning altar of Makhleb.
  5373 | D:7      | Reached **** piety under Trog
  5373 | D:7      | Reached skill level 8 in Fighting
  5373 | D:7      | Reached XP level 9. HP: 62/81 MP: 8/8
  5481 | D:7      | Got a fine chain mail
  5492 | D:7      | Identified the +5 chain mail of Conscience {*Slow rN+ SInv} (You found it on level 7 of the Dungeon)
  5671 | D:7      | Noticed a cyclops
  5699 | D:7      | Killed a cyclops
  6336 | D:8      | Reached skill level 9 in Fighting
  6786 | D:8      | Reached XP level 10. HP: 91/91 MP: 5/9
  7127 | D:8      | Found an opulent altar of Gozag.
  7128 | D:8      | Found a glowing silver altar of Zin.
  7214 | D:9      | Noticed Psyche
  7220 | D:9      | Killed Psyche
  7259 | D:9      | Noticed Joseph
  7271 | D:9      | Killed Joseph
  7290 | D:9      | Noticed a skeletal warrior
  7311 | D:9      | Killed a skeletal warrior
  7311 | D:9      | Reached skill level 10 in Fighting
  7311 | D:9      | Reached skill level 10 in Maces & Flails
  7370 | D:9      | Noticed a cyan ugly thing
  7402 | D:9      | Killed a cyan ugly thing
  7402 | D:9      | Reached skill level 10 in Armour
  7587 | D:9      | Noticed a spiny frog
  7607 | D:9      | Killed a spiny frog
  7789 | D:9      | Found a staircase to the Lair.
  7789 | D:9      | Noticed a death yak
  7811 | D:9      | Killed a death yak
  7811 | D:9      | Reached XP level 11. HP: 77/101 MP: 6/10
  7828 | D:9      | Reached ***** piety under Trog
  7854 | D:9      | Noticed a two-headed ogre
  7862 | D:9      | Killed a two-headed ogre
  7862 | D:9      | Reached skill level 11 in Fighting
  7884 | D:9      | Noticed Grum
  7888 | D:9      | Killed Grum
  8282 | D:10     | Entered Level 10 of the Dungeon
  8304 | D:10     | Reached skill level 10 in Dodging
  8305 | D:10     | Received a gift from Trog
  8778 | D:11     | Found a staircase to the Orcish Mines.
  8797 | D:11     | Noticed a cyan ugly thing
  8807 | D:11     | Killed a cyan ugly thing
  9126 | D:11     | Noticed Josephine
  9134 | D:11     | Killed Josephine
  9154 | D:11     | Noticed a purple ugly thing
  9163 | D:11     | Killed a purple ugly thing
  9552 | D:12     | Noticed Snorg
  9562 | D:12     | HP: 3/104 [Snorg (7)]
  9564 | D:12     | Killed Snorg
  9564 | D:12     | Reached skill level 12 in Fighting
  9571 | D:12     | Noticed Sonja
  9572 | D:12     | Asphyxiated

Vault maps used:
D:1:      dpeg_arrival_arbitrary_b, serial_glass, glass_columns_b,
          glass_columns_c
D:2:      marbit_many_paths, first_ration
D:3:      lemuel_doored_altar
D:4:      overflow_temple_1_default, gammafunk_temple_overflow_forgotten,
          lemuel_coloured_pillars_altar, serial_shops, shop, minivault_26,
          uniq_menkaure
D:6:      grunt_temple_overflow_magic_moments, old_standard_altar,
          minmay_temple_entry_junction, small_statue_intersection, st_stairs_7,
          uniq_edmund
D:7:      minmay_blocky_corners, basic_altar
D:8:      grunt_temple_overflow_gold_and_silver
D:9:      minmay_the_grid_four_pointed_star_mashed, david_lair_generic,
          uniq_psyche, uniq_grum, uniq_joseph
D:11:     orc_0_dummy, uniq_josephine
D:12:     basic_altar, serial_shops, kennysheep_mini_moat, hangedman_stone_soup,
          zaba_antful_of_joy, uniq_sonja, uniq_snorg, uniq_erolcha

Skill      XL: |  1  2  3  4  5  6  7  8  9 10 11 |
---------------+----------------------------------+-----
Fighting       | 4 5 6 8 9 10 12 | 12.0
Maces & Flails | 4 5 6 7 9 10 11 | 11.9
Armour         | 3 4 5 6 7 8 10 11 | 11.6
Dodging        | 3 4 5 6 8 9 10 | 10.8

Action                   |  1- 3 |  4- 6 |  7- 9 | 10-12 || total
-------------------------+-------+-------+-------+-------++-------
Melee: Mace              |    58 |    75 |    60 |       ||   193
       Headbutt          |     3 |    11 |    51 |    65 ||   130
       Flail             |       |     9 |   178 |   158 ||   345
       Great mace        |       |       |       |   128 ||   128
Throw: Stone             |       |       |    17 |    27 ||    44
Invok: Berserk           |       |     1 |     1 |       ||     2
Evoke: Wand              |       |       |       |     1 ||     1
  Use: Scroll            |     1 |     1 |    13 |     5 ||    20
       Potion            |       |       |     1 |     1 ||     2
 Stab: Sleeping          |     1 |       |       |       ||     1
  Eat: Chunk             |     2 |     3 |     9 |     9 ||    23
       Ration            |       |     1 |     1 |       ||     2
Armor: Animal skin       |     8 |       |       |       ||     8
       Ring mail         |       |    25 |    20 |       ||    45
       Chain mail        |       |       |    43 |   150 ||   193
Dodge: Dodged            |    36 |    52 |    94 |   209 ||   391
Block: Other             |       |       |    24 |    13 ||    37
       Reflection        |       |       |       |     1 ||     1

Table legend:
 A = Spawn XP
 B = Non-spawn XP
 C = Spawn XP percentage of total XP
 D = Spawn monster count
 E = Non-spawn monster count
 F = Spawn count percentage of total count
 G = Total turns spent on level
                    A         B        C        D         E        F      G
               +---------+---------+-------+---------+---------+-------+---------
         Total |       0 |   20492 |   0.0 |       0 |     252 |   0.0 |  9572
               +---------+---------+-------+---------+---------+-------+---------
           D:1 |       0 |      18 |   0.0 |       0 |      11 |   0.0 |   896
           D:2 |       0 |     109 |   0.0 |       0 |      20 |   0.0 |  1024
           D:3 |       0 |      52 |   0.0 |       0 |      21 |   0.0 |   563
           D:4 |       0 |     761 |   0.0 |       0 |      17 |   0.0 |  1229
           D:5 |       0 |     587 |   0.0 |       0 |      19 |   0.0 |   616
           D:6 |       0 |     353 |   0.0 |       0 |       9 |   0.0 |   753
           D:7 |       0 |    1919 |   0.0 |       0 |      28 |   0.0 |  1073
           D:8 |       0 |    1957 |   0.0 |       0 |      45 |   0.0 |  1002
           D:9 |       0 |    7621 |   0.0 |       0 |      36 |   0.0 |  1126
          D:10 |       0 |    1757 |   0.0 |       0 |      26 |   0.0 |   417
          D:11 |       0 |    4178 |   0.0 |       0 |      19 |   0.0 |   833
          D:12 |       0 |    1180 |   0.0 |       0 |       1 |   0.0 |    40
               +---------+---------+-------+---------+---------+-------+---------
